 Dungeon Crawl Stone Soup version 0.13-a0-2477-geaae114 (webtiles) character file.

257 Rycklaryybbe the Sneak (level 5, -2/40 HPs)
             Began as a Demonspawn Monk on July 19, 2013.
             Slain by an ogre
             ... wielding a cursed -2,-2 giant club
              (15 damage)
             ... on Level 4 of the Dungeon.
             The game lasted 00:12:44 (2852 turns).

Rycklaryybbe the Sneak (Demonspawn Monk)            Turns: 2852, Time: 00:12:44

HP  -2/40        AC  8     Str 11      XL: 5   Next:  4%
MP   0/4         EV  9     Int 12      God:
Gold 115         SH  0     Dex 16      Spells:  0 memorised,  4 levels left

Res.Fire  : . . .   See Invis. : .   m - +2 dagger
Res.Cold  : . . .   Warding    : +   l - +0 ring mail (curse)
Life Prot.: + . .   Conserve   : .   (no shield)
Res.Poison: .       Res.Corr.  : .   e - +2 cap
Res.Elec. : .       Clarity    : .   (no cloak)
Sust.Abil.: . .     Spirit.Shd : +   w - +0 pair of gauntlets
Res.Mut.  : .       Stasis     : .   (no boots)
Res.Rott. : .       Flight     : .   h - amulet of warding {unknown}
Saprovore : . . .                    (no ring)
                                     o - cursed ring of hunger

@: slightly resistant to hostile enchantments, quite stealthy
A: nightstalker 1, magic shield, magic regeneration
a: no special abilities


You were on level 4 of the Dungeon.
You were hungry.

You visited 1 branch of the dungeon, and saw 4 of its levels.

You collected 115 gold pieces.

Inventory:

Hand weapons
 d - a +0,+0 club
 i - a +0,+0 club
 m - a +2,+2 dagger (weapon)
 q - a +0,+1 hand axe (quivered)
 B - a +1,+0 dagger
 D - a +0,+1 orcish club
Missiles
 c - 32 darts
 E - 22 arrows
Armour
 a - a +0 robe
 e - a +2 cap (worn)
 g - a +0 pair of gloves
 l - a cursed +0 ring mail (worn)
 s - a +0 robe
 w - a +0 pair of gauntlets (worn)
Comestibles
 b - a bread ration
 f - an apple
 A - a honeycomb
Scrolls
 n - 3 scrolls of identify
 r - a scroll of fear {unknown}
 t - 2 scrolls of teleportation {unknown}
 v - a scroll of enchant weapon I {unknown}
 y - a scroll of noise
Jewellery
 h - an amulet of warding (around neck) {unknown}
 o - a cursed ring of hunger (left hand)
Potions
 p - a potion of flight
 u - a potion of curing
 z - a potion of agility {unknown}


   Skills:
 - Level 3.2 Fighting
 - Level 2.6 Dodging
 + Level 4.6 Stealth
 - Level 4.0 Unarmed Combat


You had 4 spell levels left.
You didn't know any spells.

Dungeon Overview and Level Annotations

Branches:
Dungeon (4/27)
 Temple: D:4-7

Altars:

Shops:
D:4: %

Annotations
D:3 Ijyb


Innate Abilities, Weirdness & Mutations

You are slightly more attuned to the shadows.
When hurt, damage is shared between your health and your magic reserves.
You regenerate magic rapidly.


Message History

q - a hand axe The ogre barely misses you.
You hit the ogre.
The ogre is lightly wounded.
The ogre hits you with a giant club! The ogre hits you with a giant club!
* * * LOW HITPOINT WARNING * * *
A jackal comes into view.
You are feeling hungry.
A jackal comes into view.
The jackal barks!
Read which item? (? for menu, Esc to quit)
As you read the scroll labeled OCECVI NUMUW, it crumbles to dust.
You hear a loud clanging noise!
It was a scroll of noise.
The jackal barks!
Read which item? (? for menu, Esc to quit)
Nothing appears to happen.
The jackal bites you. The ogre hits you with a giant club!
You die...

#### ##### ..# #...#### ##.##
#.#%...# #>..# #...##.#
#...########.###.# #.......s.s..#
#.# #.........#########.####
..........# #.O.....#######
#.........# #@##..........#
####...#### #h##.##.#####.# ##
#...# #.##.##.# #.# .# #...#
######h##.##.# #.#
.####.#####...##h##.#..# ##.##
............#....h#.#.## ##...##
..###.#####...##..#....###.....##
.....#.# ###........#.##.......#
..###.## #.##..#.h...........#


You could see an ogre and 4 jackals.

Vanquished Creatures
  A scorpion (D:4)
  An orc wizard (D:3)
  3 adders (D:2)
  A worm (D:2)
  A giant gecko (D:2)
  An orc (D:3)
  2 hobgoblins
  2 quokkas (D:4)
  A ball python (D:1)
  7 bats
  A giant newt (D:2)
  9 goblins
  6 jackals (D:1)
  6 kobolds
  An orc skeleton (D:4)
  A quokka skeleton (D:4)
  8 rats
52 creatures vanquished.

Notes
Turn   | Place    | Note
--------------------------------------------------------------
     0 | D:1      | Rycklaryybbe, the Demonspawn Monk, began the quest for the Orb.
     0 | D:1      | Reached XP level 1. HP: 16/16 MP: 0/0
   449 | D:1      | Reached skill level 4 in Unarmed Combat
   451 | D:1      | Gained mutation: You are slightly more attuned to the shadows. [demonic ancestry]
   451 | D:1      | Reached XP level 2. HP: 20/22 MP: 1/1
  1129 | D:2      | Gained mutation: When hurt, damage is shared between your health and your magic reserves. [demonic ancestry]
  1129 | D:2      | Reached XP level 3. HP: 28/28 MP: 2/2
  1871 | D:3      | Reached XP level 4. HP: 31/34 MP: 3/3
  2025 | D:3      | Noticed Ijyb
  2216 | D:4      | Found Duwox's Food Shoppe.
  2391 | D:4      | Gained mutation: You regenerate magic rapidly. [demonic ancestry]
  2391 | D:4      | Reached XP level 5. HP: 9/40 MP: 4/4
  2684 | D:4      | Noticed an ogre
  2852 | D:4      | Slain by an ogre

Action                   |  1- 3 |  4- 6 || total
-------------------------+-------+-------++-------
Melee: Unarmed           |   116 |       ||   116
       Dagger            |    30 |    73 ||   103
Throw: Club              |     4 |       ||     4
       Dart              |    16 |     4 ||    20
       Hand axe          |       |     2 ||     2
  Use: Scroll            |     6 |     2 ||     8
       Potion            |     1 |     1 ||     2
 Stab: Sleeping          |     8 |     3 ||    11
       Distracted        |     1 |       ||     1
